 Dungeon Crawl Stone Soup version 0.20-b1-24-gb21faa7 (webtiles) character file.

8573 KeyserSoze the Fighter (level 11, -10/64 HPs)
             Began as a Vine Stalker Fighter on May 25, 2017.
             Was a High Priest of Okawaru.
             Mangled by an ogre
             ... wielding a +0 giant club
             ... led by an orc high priest
              (15 damage)
             ... on level 2 of the Orcish Mines.
             The game lasted 00:46:18 (7461 turns).

KeyserSoze the Fighter (Vine Stalker Fighter)       Turns: 7461, Time: 00:46:19

Health: -10/64     AC: 12    Str: 19    XL:     11   Next: 33%
Magic:  0/21       EV:  5    Int:  8    God:    Okawaru [*****.]
Gold:   355        SH: 11    Dex: 21    Spells: 10/10 levels left

rFire    . . .     SeeInvis .   E - +9 hand crossbow of Offence {elec, Dex+4 Stlth+}
rCold    . . .     Gourm    .   c - +0 shield
rNeg     + . .     Faith    .   K - +0 plate armour
rPois    .         Spirit   +   (helmet restricted)
rElec    .         Reflect  .   M - scarf {repulsion}
rCorr    .         Harm     .   (no gloves)
MR       +....                  (no boots)
Stlth    ..........             J - amulet of regeneration
Regen    1.0/turn               u - ring of positive energy
MPRegen  0.2/turn               v - ring of magical power

@: about to teleport, repel missiles
A: fangs 3, horns 1, repulsion field 1, regeneration 1, magic shield, antimagic
bite, no potion heal 3, rot immunity
a: Heroism, Finesse, Renounce Religion


You were on level 2 of the Orcish Mines.
You worshipped Okawaru.
Okawaru was extremely pleased with you.
You were not hungry.

You visited 2 branches of the dungeon, and saw 11 of its levels.
You also visited: Ossuary.

You collected 355 gold pieces.

Inventory:

Hand Weapons
 a - a +1 war axe
 E - the +9 hand crossbow of Offence (weapon) {elec, Dex+4 Stlth+}
   (You found it on level 6 of the Dungeon)

   It charges the ammunition it shoots with electricity; occasionally upon a
   hit, such missiles may discharge and cause terrible harm.
   It affects your dexterity (+4).
   It makes you more stealthy.
 L - a +2 hand crossbow of flaming
Missiles
 i - 64 poisoned needles
 l - 9 bolts (quivered)
 n - 287 stones
 x - 2 throwing nets
 z - 60 arrows
 D - 3 tomahawks of returning
 I - 2 javelins
Armour
 c - a +0 shield (worn)
 G - a +0 cloak
 K - a +0 plate armour (worn)
 M - a scarf of repulsion (worn)
Jewellery
 u - a ring of positive energy (left hand)
 v - a ring of magical power (right hand)
 J - an amulet of regeneration (around neck)
Wands
 g - a wand of polymorph (15/24)
 m - a wand of confusion (48/48)
 B - a wand of iceblast (5/15)
 N - a wand of acid (10/15)
Scrolls
 d - 2 scrolls of enchant armour
 e - a scroll of magic mapping
 k - 3 scrolls of remove curse
 o - a scroll of recharging
 r - 2 scrolls of enchant weapon
 s - a scroll of teleportation
 t - 3 scrolls of amnesia
 C - 4 scrolls of identify
Potions
 j - 3 potions of brilliance
 q - a potion of haste
 w - a potion of lignification
 A - a potion of invisibility
Books
 y - a book of Maledictions

   Spells                             Type                      Level
   a - Corona                         Hexes                        1
   b - Ensorcelled Hibernation        Hexes/Ice                    2
   c - Confuse                        Hexes                        3
   d - Tukima's Dance                 Hexes                        3
   e - Dazzling Spray                 Conjuration/Hexes            3
Comestibles
 b - 6 fruits
 f - 12 bread rations
 H - a royal jelly


   Skills:
 + Level 10.3 Fighting
 * Level 6.4 Axes
 * Level 8.8 Crossbows
 + Level 4.8 Armour
 + Level 5.0 Shields


You had 10 spell levels left.
You didn't know any spells.

Dungeon Overview and Level Annotations

Branches:
Dungeon (10/15)              Lair (0/6) D:9             Orc (2/2) D:9
 Temple: D:4-7          Elf: Orc:2

Altars:
Ashenzari
Cheibriados
Hepliaklqana
Kikubaaqudgha
Nemelex Xobeh
Okawaru
Sif Muna
Zin
The Shining One

Annotations:
D:7 Joseph


Innate Abilities, Weirdness & Mutations

You have razor-sharp teeth.
Your natural rate of healing is unusually fast.
When hurt, damage is shared between your health and your magic reserves.
Your bite disrupts and absorbs the magic of your enemies.
Potions cannot restore your health.
You are immune to rotting.
You have a pair of small horns on your head.
You are surrounded by a mild repulsion field. (EV +2)


Message History

You shoot a bolt. The bolt closely misses the warg.
The warg bites you.
* * * LOW HITPOINT WARNING * * *
The orc hits you but does no damage.
Firing (i - inventory. (,) - cycle):
l - 10 bolts (quivered)
Press: ? - help, Shift-Dir - straight line, f/p - warg
Aim: a warg You shoot a bolt.
The bolt hits the warg.
The warg is lightly wounded.
You block the warg's attack. The ogre hits you with a giant club!
* * * LOW HITPOINT WARNING * * *
The warg bites you.
* * * LOW HITPOINT WARNING * * *
You block the orc's attack.
As you read the scroll of teleportation, it crumbles to dust.
You feel strangely unstable.
The warg stops to sniff the ground.
The warg completely misses you. You block the ogre's attack.
The orc completely misses you. The ogre hits you with a giant club!
You die...

.......##......
(......#.$.....
.(.....(.....#
......$......## ...
..............# ....
#(..........# ##$...
#...(.....####......
#..(ooO....#.......
......#h@.....#......


.ooo. ##............# .... ##...........# ... #............# .. ##..#....#..## .
####....# ## #....# #.#### ... You could see a warg, an ogre, an orc priest and
an orc.

Vanquished Creatures
  A centaur warrior (D:9)
  A two-headed ogre (D:10)
  Urug (Orc:1)
  A troll (D:9)
  Grinder (D:5)
  A hippogriff (D:10)
  Sigmund (D:4)
  A spriggan (D:9)
  7 yaks (D:9)
  3 wargs
  2 porcupines (D:9)
  A black bear (D:7)
  6 orc warriors
  A phantom (D:6)
  5 ice beasts
  A sky beast (D:9)
  8 ogres
  A crocodile (D:9)
  A big kobold (D:7)
  3 bullfrogs
  4 gnoll sergeants (D:9)
  2 scorpions (D:9)
  5 killer bees (D:7)
  4 crimson imps
  7 hounds
  A jelly (D:5)
  Crazy Yiuf (D:6)
  6 orc wizards
  4 orc priests
  2 iguanas
  7 worker ants
  6 big kobold zombies (Ossuary)
  2 hound zombies
  A mummy (Ossuary)
  9 gnolls
  12 adders
  A shadow imp (D:6)
  4 leopard geckos
  37 orcs
  3 spectral bats (Ossuary)
  A ball python (D:3)
  10 bats
  6 giant cockroaches
  4 gnoll zombies (Ossuary)
  8 goblins
  11 hobgoblins
  8 jackals
  5 quokkas
  4 frilled lizards
  A giant cockroach zombie (D:6)
  2 goblin simulacra (Ossuary)
  3 goblin zombies (Ossuary)
  4 hobgoblin zombies (Ossuary)
  12 kobolds
  4 kobold simulacra (Ossuary)
  A kobold zombie (Ossuary)
  8 orc zombies (Ossuary)
  A quokka zombie (D:4)
  11 rats
  2 rat simulacra (Ossuary)
  A rat zombie (D:4)
  A spectral goblin (Ossuary)
  6 spectral kobolds (Ossuary)
  3 spectral rats (Ossuary)
  2 fungi (D:9)
284 creatures vanquished.

Notes
Turn   | Place    | Note
-------+----------+-------------------------------------------
     0 | D:1      | KeyserSoze the Vine Stalker Fighter began the quest for the Orb.
     0 | D:1      | Reached XP level 1. HP: 11/11 MP: 2/2
    76 | D:1      | Reached skill level 3 in Fighting
    92 | D:1      | Reached XP level 2. HP: 11/16 MP: 3/3
   689 | D:1      | Reached XP level 3. HP: 18/21 MP: 4/4
  1132 | D:2      | Reached skill level 4 in Fighting
  1308 | D:2      | Gained mutation: Your natural rate of healing is unusually fast. [Vine Stalker growth]
  1308 | D:2      | Reached XP level 4. HP: 16/26 MP: 3/5
  1656 | D:2      | Found a shattered altar of Ashenzari.
  1806 | D:3      | Reached skill level 5 in Fighting
  1820 | D:3      | Reached XP level 5. HP: 19/30 MP: 6/6
  2225 | D:3      | Found a faded altar of an unknown god.
  2899 | D:3      | Found a deep blue altar of Sif Muna.
  2941 | D:5      | Entered Level 5 of the Dungeon
  2989 | D:4      | Found a sand-covered staircase.
  3005 | Ossuary  | Entered an ossuary
  3267 | Ossuary  | Reached skill level 6 in Fighting
  3267 | Ossuary  | Reached XP level 6. HP: 27/36 MP: 7/7
  3562 | D:4      | Found a sparkling altar of Nemelex Xobeh.
  3577 | D:4      | Reached skill level 7 in Fighting
  3577 | D:4      | Reached XP level 7. HP: 35/42 MP: 8/8
  3883 | D:4      | Found an iron altar of Okawaru.
  3899 | D:4      | Became a worshipper of Warmaster Okawaru
  3954 | D:4      | Noticed Sigmund
  3968 | D:4      | Killed Sigmund
  3968 | D:4      | Reached skill level 8 in Fighting
  3976 | D:4      | Gained mutation: You are surrounded by a mild repulsion field. (EV +2) [potion of mutation]
  3976 | D:4      | Gained mutation: You have a pair of small horns on your head. [potion of mutation]
  4245 | D:5      | Gained mutation: You have razor-sharp teeth. [Vine Stalker growth]
  4245 | D:5      | Reached XP level 8. HP: 42/48 MP: 9/9
  4289 | D:5      | Noticed Grinder
  4303 | D:5      | Killed Grinder
  4303 | D:5      | Reached * piety under Okawaru
  4303 | D:5      | Reached skill level 9 in Fighting
  4404 | D:5      | Found a glowing golden altar of the Shining One.
  4612 | D:5      | Found a glowing silver altar of Zin.
  4826 | D:6      | Found a snail-covered altar of Cheibriados.
  4900 | D:6      | Got a pitted hand crossbow
  4901 | D:6      | Identified the +9 hand crossbow of Offence {elec, Dex+4 Stlth+} (You found it on level 6 of the Dungeon)
  5013 | D:6      | Reached ** piety under Okawaru
  5139 | D:6      | Found an ancient bone altar of Kikubaaqudgha.
  5190 | D:6      | Reached skill level 1 in Crossbows
  5190 | D:6      | Reached XP level 9. HP: 54/54 MP: 10/10
  5395 | D:6      | Found a runed door.
  5499 | D:6      | Noticed Crazy Yiuf
  5501 | D:6      | Killed Crazy Yiuf
  5877 | D:7      | Reached *** piety under Okawaru
  6114 | D:7      | Noticed Joseph
  6118 | D:7      | You fall through a shaft for 3 floors!
  6118 | D:10     | Entered Level 10 of the Dungeon
  6118 | D:10     | Noticed a two-headed ogre
  6123 | D:10     | Killed a two-headed ogre
  6123 | D:10     | Reached **** piety under Okawaru
  6123 | D:10     | Reached skill level 10 in Fighting
  6123 | D:10     | Reached skill level 5 in Crossbows
  6131 | D:10     | Reached XP level 10. HP: 30/59 MP: 10/11
  6279 | D:9      | Received a gift from Okawaru
  6405 | D:9      | Found a staircase to the Lair.
  6503 | D:9      | Noticed a centaur warrior
  6521 | D:9      | Killed a centaur warrior
  6521 | D:9      | Reached ***** piety under Okawaru
  6599 | D:9      | Reached skill level 5 in Axes
  6641 | D:9      | Received a gift from Okawaru
  6965 | D:9      | Found a hazy altar of Hepliaklqana.
  7085 | D:9      | Reached XP level 11. HP: 58/63 MP: 12/12
  7105 | D:9      | Found a staircase to the Orcish Mines.
  7146 | Orc:1    | Entered Level 1 of the Orcish Mines
  7324 | Orc:1    | Noticed Urug
  7328 | Orc:1    | Noticed an orc knight
  7340 | Orc:1    | Killed Urug
  7351 | Orc:2    | Entered Level 2 of the Orcish Mines
  7456 | Orc:2    | Reached skill level 5 in Shields
  7459 | Orc:2    | HP: 3/64 [warg (4)]
  7461 | Orc:2    | Mangled by an ogre

Skill      XL: |  1  2  3  4  5  6  7  8  9 10 11 |
---------------+----------------------------------+-----
Fighting       | 3 4 5 6 7 8 9 10 | 10.3
Axes           | 3 4 6 |  6.4
Crossbows      | 1 5 7 8 |  8.8
Shields        | 3 4 5 |  5.0
Armour         | 3 4 |  4.8

Action                   |  1- 3 |  4- 6 |  7- 9 | 10-12 || total
-------------------------+-------+-------+-------+-------++-------
Melee: War axe           |   107 |   248 |   109 |    28 ||   492
       Bite              |    26 |    63 |    29 |    11 ||   129
       Headbutt          |       |       |    19 |    15 ||    34
       Hand crossbow     |       |       |       |     4 ||     4
 Fire: Hand crossbow     |       |       |    91 |   182 ||   273
  Use: Scroll            |     5 |     6 |     4 |    11 ||    26
       Potion            |       |     4 |     8 |       ||    12
  Eat: Chunk             |     1 |     6 |     5 |     4 ||    16
       Fruit             |       |     1 |       |       ||     1
       Meat ration       |       |       |     1 |       ||     1
Armor: Scale mail        |     8 |       |       |       ||     8
       Chain mail        |    71 |   193 |   137 |     4 ||   405
       Skin              |       |    12 |     1 |       ||    13
       Plate armour      |       |       |       |    75 ||    75
Dodge: Dodged            |    26 |    61 |    66 |    32 ||   185
       Deflected         |       |       |       |     2 ||     2
Block: Shield            |    66 |   167 |   127 |   102 ||   462
